 Dungeon Crawl Stone Soup version 0.25-a0-41-g6cf4ce537d (webtiles) character file.

Game seed: 13872394780211270115, levelgen mode: deterministic

8 Alarkh the Skirmisher (level 2, 24/24 HPs)
             Began as a Demonspawn Fighter on Oct 21, 2019.
             Got out of the dungeon alive.
             The game lasted 00:00:07 (196 turns).

Alarkh the Skirmisher (Demonspawn Fighter)           Turns: 196, Time: 00:00:07

Health: 24/24      AC:  6    Str: 16    XL:     2   Next: 0%
Magic:  2/2        EV:  6    Int:  9    God:
Gold:   32         SH:  8    Dex: 12    Spells: 1/1 levels left

rFire    . . .     SeeInvis .   a - +0 long sword
rCold    . . .     Gourm    .   c - +0 shield
rNeg     . . .     Faith    .   b - +0 scale mail
rPois    .         Spirit   +   (no helmet)
rElec    .         Reflect  .   (no cloak)
rCorr    .         Harm     .   (no gloves)
MR       .....                  (no boots)
Stlth    ..........             (no amulet)
HPRegen  0.08/turn              (no ring)
MPRegen  0.08/turn              (no ring)

@: no status effects
A: magic shield
a: no special abilities


You escaped.
You were not hungry.

You visited 1 branch of the dungeon, and saw 1 of its levels.

You collected 32 gold pieces.

Inventory:

Hand Weapons
 a - a +0 long sword (weapon)
Armour
 b - a +0 scale mail (worn)
 c - a +0 shield (worn)
Potions
 d - a potion of might
 e - a potion of cancellation {unknown}
Comestibles
 f - 2 rations
 g - 2 chunks of flesh


   Skills:
 + Level 3.1 Fighting
 + Level 1.8 Long Blades
 + Level 2.8 Armour
 + Level 2.9 Shields


You had one spell level left.
You didn't know any spells.
Your spell library was empty.

Dungeon Overview and Level Annotations

Branches:
Dungeon (1/15)

Altars:


Innate Abilities, Weirdness & Mutations

When hurt, damage is shared between your health and your magic reserves.


Message History

There is an open door here.
There is an open door here.
You see here a +0 club.
The centaur shouts!
The minotaur bellows!
There is an open door here.
The spriggan shouts!
The ogre shouts! x2
The naga shouts!
The elf shouts!
The orc shouts!
The octopode shouts!
The elf shouts!
The octopode shouts!
The kobold shouts!
The octopode shouts! x2
The formicid twitches its antennae in your direction.
The kobold shouts!
You see here a leather armour.
There is a staircase leading out of the dungeon here.
Are you sure you want to leave the Dungeon?
This will make you lose the game!
You have escaped!

#x#..#V##..
##.
####..#####
##
#9#...#K# #
###...###
#x#...#x#
###...###
#a#.[.#K#
###[..###
##@## ###


You could see a formicid and a kobold.

Vanquished Creatures
  A dart slug (D:1)
  A hobgoblin (D:1)
  A goblin (D:1)
  A kobold (D:1)
  4 rats (D:1)
8 creatures vanquished.

Notes
Turn   | Place    | Note
-------+----------+-------------------------------------------
     0 | D:1      | Alarkh the Demonspawn Fighter began the quest for the Orb.
     0 | D:1      | Reached XP level 1. HP: 18/18 MP: 1/1
     0 | D:1      | Noticed a formicid
     1 | D:1      | Noticed an octopode
     1 | D:1      | Noticed an octopode
     3 | D:1      | Noticed a gargoyle
     5 | D:1      | Noticed a vampire
     6 | D:1      | Noticed an octopode
     9 | D:1      | Noticed an elf
    11 | D:1      | Noticed an octopode
    13 | D:1      | Noticed an elf
    15 | D:1      | Noticed a centaur
    15 | D:1      | Noticed a naga
    17 | D:1      | Noticed an ogre
    17 | D:1      | Noticed an ogre
    17 | D:1      | Noticed a ghoul
    19 | D:1      | Noticed a spriggan
    19 | D:1      | Noticed a minotaur
   138 | D:1      | Gained mutation: When hurt, damage is shared between your
                  | health and your magic reserves. [demonic ancestry]
   138 | D:1      | Reached XP level 2. HP: 23/24 MP: 2/2
   196 | D:$      | Got out of the dungeon alive.

Levels and vault maps discovered:
D:1:      shiori_arrival_whats_in_store_for_you, layout_loops_corners

Action                   || total
-------------------------++-------
Melee: Long sword        ||    23
Armor: Scale mail        ||     6
Dodge: Dodged            ||     4
Block: Shield            ||     9
       Rpst.: Long sword ||     2

Table legend:
 A = Non-vault XP
 B = Vault XP
 C = Vault XP percentage of total XP
 D = Non-vault monster count
 E = Vault monster count
 F = Vault count percentage of total count
                 A         B        C        D         E       F
            +---------+---------+-------+---------+---------+-------
      Total |      12 |       0 |   0.0 |       8 |       0 |   0.0
            +---------+---------+-------+---------+---------+-------
        D:1 |      12 |       0 |   0.0 |       8 |       0 |   0.0
            +---------+---------+-------+---------+---------+-------
